AoeStats
← xarminx

Yucatan

510558037Analyzed
3v3 RM · 12h ago on Oct 1, 2026· 52m 32s· 6 players
Game mode
Random Map
Map size
Normal (6 player)
Population
200
Speed
Normal
Resources
Standard
Victory
Conquest
Starting age
Dark Age
Ending age
Imperial Age
RankedLock teamsTeams togetherTeam positionsShared explorationLock speedFull tech treeHidden civsTurbo modeCheats
Victory
Defeat
🇩🇪 Jurchens · Germany
1095
+16
🇩🇪 Saxons · Germany
1093
+16
🇩🇪 Vietnamese · Germany
1078
+17
🇨🇱 Spanish · Chile
1137
-17
🇧🇷 Berbers · Brazil
1093
-16
🇪🇨 Georgians · Ecuador
1076
-16
ragnksaefh
12:34 Feudal Age
17:12 Castle Age
16:54 Double-Bit Axe
16:50 Horse Collar
18:11 Bow Saw
18:03 Heavy Plow
17:37 Pikeman
18:19 Squires
22:15 Forging
22:06 Scale Mail Armor
28:15 Crossbowman
29:00 Thumb Ring
36:04 Iron Casting
39:50 Imperial Age
38:43 Wheelbarrow
37:53 Town Watch
38:06 Fletching
38:17 Padded Archer Armor
39:09 Hand Cart
40:22 Thumb Ring
41:45 Chemistry
40:29 Arbalester
42:16 Two-Man Saw
41:48 Crop Rotation
41:48 Elite Fire Lancer
45:06 Scale Mail Armor
45:02 Bodkin Arrow
45:22 Leather Archer Armor
45:38 Ballistics
48:13 Halberdier
xarminx
9:25 Loom
11:11 Feudal Age
12:25 Double-Bit Axe
12:56 Horse Collar
17:14 Castle Age
18:26 Bow Saw
18:37 Gold Mining
20:23 Scale Mail Armor
21:37 Wheelbarrow
21:28 Chain Mail Armor
22:28 Town Watch
22:50 Heavy Plow
25:05 Squires
25:22 Forging
25:03 Fletching
26:16 Gambesons
27:47 Elite Skirmisher
29:08 Hand Cart
31:18 Stone Mining
32:12 Gold Shaft Mining
36:09 Imperial Age
34:14 Town Patrol
36:00 Iron Casting
37:34 Elite Fire Lancer
40:31 Blast Furnace
39:33 Padded Archer Armor
38:57 Imperial Skirmisher
40:22 Scale Barding Armor
41:19 Two-Man Saw
42:04 Chemistry
41:25 Ballistics
44:12 Arson
48:35 Bodkin Arrow
48:56 Leather Archer Armor
Passive Value
10:29 Feudal Age
14:49 Castle Age
14:13 Double-Bit Axe
14:09 Horse Collar
22:38 Pikeman
23:38 Elite Skirmisher
33:10 Fletching
33:25 Scale Mail Armor
36:12 Forging
37:05 Chain Mail Armor
39:17 Bodkin Arrow
39:58 Iron Casting
44:14 Heavy Plow
50:29 Padded Archer Armor
53:09 Imperial Age
52:43 Bow Saw
52:56 Leather Archer Armor
53:37 Wheelbarrow
Sirsoberbio
9:40 Loom
11:26 Feudal Age
15:40 Castle Age
15:03 Double-Bit Axe
15:14 Stone Mining
21:27 Bow Saw
21:36 Fletching
28:33 Caravan
31:16 Imperial Age
29:59 Scale Barding Armor
30:32 Redemption
31:23 Wheelbarrow
30:56 Gold Mining
30:57 Horse Collar
33:02 Chemistry
32:23 Ballistics
32:32 Block Printing
33:26 Conscription
35:33 Two-Man Saw
37:46 Elite Conquistador
42:33 Stone Shaft Mining
41:48 Pikeman
42:28 Squires
42:14 Gambesons
42:41 Forging
42:31 Scale Mail Armor
42:51 Chain Barding Armor
43:01 Halberdier
cmvaroda
7:56 Loom
10:03 Feudal Age
10:33 Double-Bit Axe
17:50 Castle Age
17:58 Crossbowman
24:32 Padded Archer Armor
SIR LOOR FAAL
10:04 Feudal Age
15:04 Castle Age
22:40 Forging
26:50 Double-Bit Axe
29:35 Bow Saw
31:32 Iron Casting
35:54 Imperial Age
41:05 Redemption
47:13 Blast Furnace
46:18 Scale Barding Armor
Connection lost

Rejoining the realm…

Still unreachable

The connection could not be restored.

Session expired

The server has moved on; the page needs a fresh start.